 Dungeon Crawl Stone Soup version 0.31-a0-1009-g454b1f1e0a (webtiles) character file.

Game seed: 15902319380946603005

37214 Avanven the Brawler (level 13, -1/131 HPs)
             Began as a Troll Shapeshifter on Nov 14, 2023.
             Was the Champion of Wu Jian.
             Slain by an ancient zyme (2 damage)
             ... on level 3 of the Abyss.
             The game lasted 00:50:41 (13349 turns).

Avanven the Brawler (Troll Shapeshifter)           Turns: 13349, Time: 00:50:42

Health: -1/131     AC: 14    Str: 29    XL:     13   Next: 57%
Magic:  12/12      EV: 13    Int:  9    God:    Wu Jian [******]
Gold:   828        SH:  0    Dex: 12    Spells: 12/12 levels left

rFire   . .          .
                       - Unarmed
rCold   + + .        (shield currently unavailable)
rNeg    + . .        O - +1 acid dragon scales
rPois   .            (helmet restricted)
rElec   +            E - +0 cloak
rCorr   +            (gloves unavailable)
SInv    .            (boots unavailable)
Will    .....        S - amulet "Howaof" {Acrobat rElec rC+ Slay+2}
Stlth   +            a - ring of Tepom {rN+ AC+4 Int+3 Dex+3 Slay+3}
HPRegen 0.00/turn    z - ring of protection from cold
MPRegen 0.13/turn

%: acrobat
@: about to teleport, flux-form, in a heavenly storm, sick, glowing,
constricted, studying Transmutations
A: glow, contaminating, large, unfitting armour, claws 3, regeneration 1, shaggy
fur 1, tough skin 1
a: Begin Untransformation, Renounce Religion, Wall Jump, Serpent's Lash,
Heavenly Storm


You were on level 3 of the Abyss.
You worshipped Wu Jian.
Wu Jian was exalted by your worship.
You were something dangerously unstable.
You visited 2 branches of the dungeon, and saw 13 of its levels.
You visited the Abyss 1 time.
You also visited: Ossuary, Bailey and Ice Cave.

You collected 828 gold pieces.

Inventory:

Hand Weapons
 J - a +0 hand cannon of freezing
Armour
 E - a +0 cloak (worn)
 O - +1 acid dragon scales (worn)
 U - a +2 tower shield of cold resistance
Jewellery
 a - the ring of Tepom (left claw) {rN+ AC+4 Int+3 Dex+3 Slay+3}
   (You took it off a centaur warrior on level 11 of the Dungeon)

   [ring of protection]

   AC+4:      It affects your AC (+4).
   Int+3:     It affects your intelligence (+3).
   Dex+3:     It affects your dexterity (+3).
   Slay+3:    It affects your accuracy & damage with ranged weapons and melee
   (+3).
   rN+:       It protects you from negative energy.
 k - an amulet of the acrobat
 m - the amulet "Lihueth" {Reflect Harm SH+5}
   (You found it on level 11 of the Dungeon)

   [amulet of reflection]

   Reflect:   It reflects blocked missile attacks.
   SH+5:      It affects your SH (+5).
   Harm:      It increases damage dealt and taken.
 z - a ring of protection from cold (right claw)
 H - a ring of poison resistance
 I - an amulet of magic regeneration
 P - the amulet "Yffaot" {Reflect Rampage rC- Will+ SH+5}
   (You took it off a kobold brigand on level 11 of the Dungeon)

   [amulet of reflection]

   Reflect:   It reflects blocked missile attacks.
   rC-:       It makes you vulnerable to cold.
   Will+:     It increases your willpower.
   SH+5:      It affects your SH (+5).
   Rampage:   It bestows one free step when moving towards enemies.
 R - the ring "Noter" {Contam Fly rN+ Int+5 Dex+3}
   (You found it on level 11 of the Dungeon)

   [ring of flight]

   Int+5:     It affects your intelligence (+5).
   Dex+3:     It affects your dexterity (+3).
   rN+:       It protects you from negative energy.
   Fly:       It grants you flight.
   Contam:    It causes magical contamination when unequipped.
 S - the amulet "Howaof" (around neck) {Acrobat rElec rC+ Slay+2}
   (You took it off an orc knight on level 11 of the Dungeon)

   [amulet of the acrobat]

   Acrobat:   It increases your evasion while moving and waiting.
   Slay+2:    It affects your accuracy & damage with ranged weapons and melee
   (+2).
   rC+:       It protects you from cold.
   rElec:     It insulates you from electricity.
Talismans
 c - a beast talisman
 d - a flux talisman (active)
 o - a serpent talisman
 s - a maw talisman
Wands
 i - a wand of paralysis (23)
 v - a wand of iceblast (40)
 y - a wand of light (7)
 F - a wand of flame (16)
 G - a wand of mindburst (10)
Scrolls
 j - 2 scrolls of poison
 n - a scroll of vulnerability
 q - 3 scrolls of teleportation
 C - 2 scrolls of revelation
 L - a scroll of amnesia
 M - a scroll of immolation
 N - 2 scrolls of silence
 Q - a scroll of fear
 T - a scroll of identify
Potions
 b - a potion of lignification
 e - 3 potions of curing
 g - 2 potions of invisibility
 h - 5 potions of haste
 l - 5 potions of brilliance
 p - 2 potions of resistance
 r - 3 potions of berserk rage
 u - a potion of mutation
 w - 4 potions of ambrosia
 x - 3 potions of attraction
 B - a potion of cancellation
 K - 4 potions of might


   Skills:
 + Level 9.3 Fighting
 + Level 8.0 Dodging
 * Level 15.6 Unarmed Combat
 + Level 10.6 Shapeshifting


You had 12 spell levels left.
You didn't know any spells.
Your spell library contained the following spells:

 Spells                   Type           Power      Damage    Failure   Level
 Apportation              Tloc           0%         N/A       43%         1
 Foxfire                  Conj/Fire      0%         2x1d4     43%         1
 Magic Dart               Conj           0%         1d3       43%         1
 Necrotise                Necr           0%         1d4       43%         1
 Summon Small Mammal      Summ           0%         N/A       43%         1
 Blink                    Tloc           0%         N/A       58%         2
 Call Imp                 Summ           0%         N/A       58%         2
 Lesser Beckoning         Tloc           0%         N/A       58%         2
 Momentum Strike          Conj/Tloc      0%         3d8       58%         2
 Poisonous Vapours        Pois/Air       0%         N/A       58%         2
 Hailstorm                Conj/Ice       0%         3d3       82%         3
 Mephitic Cloud           Conj/Pois/Air  0%         N/A       82%         3
 Tukima's Dance           Hex            0%         N/A       82%         3
 Animate Dead             Necr           0%         N/A       99%         4
 Dimensional Bullseye     Hex/Tloc       0%         N/A       99%         4
 Iskenderun's Mystic Bla  Conj/Tloc      0%         2d3       99%         4
 Passage of Golubria      Tloc           0%         N/A       99%         4
 Summon Ice Beast         Ice/Summ       0%         N/A       99%         4
 Vhi's Electric Charge    Tloc/Air       0%         N/A       99%         4
 Arcjolt                  Conj/Air       0%         1d10      100%        5
 Borgnjor's Vile Clutch   Necr/Erth      0%         N/A       100%        5
 Freezing Cloud           Conj/Ice/Air   0%         6-21      100%        5
 Yara's Violent Unravell  Hex/Tmut       0%         3d3       100%        5
 Death Channel            Necr           0%         N/A       100%        6
 Plasma Beam              Fire/Air       0%         2x1d10    100%        6
 Simulacrum               Ice/Necr       0%         N/A       100%        6
 Starburst                Conj/Fire      0%         6d3       100%        6
 Maxwell's Capacitive Co  Air            0%         ∞         100%        8


Dungeon Overview and Level Annotations

Branches:
Dungeon (12/15)            Temple (1/1) D:4            Lair (0/5) D:9
    Orc (0/2) D:10        Ossuary (visited)          Bailey (visited)
  IceCv (visited)

Altars:
Ashenzari
Cheibriados
Dithmenos
Elyvilon
Fedhas
Gozag
Hepliaklqana
Kikubaaqudgha
Makhleb
Nemelex Xobeh
Okawaru
Qazlal
Ru
Sif Muna
Trog
Uskayaw
Vehumet
Wu Jian
Xom
Yredelemnul
Zin
The Shining One

Annotations:
D:11 2 runed translucent doors
D:12 2 transporters, exclusion: ice statue, Zigma's ghost, journeyman KoSu


Innate Abilities, Weirdness & Mutations

You are something dangerously unstable.
You glow with magical radiation, making you easy to see and hit.
Foes you strike become dangerously contaminated with magical radiation.
You are incapable of wielding weapons or throwing items.
You are too large for most types of armour.
You have claws for hands.
Your natural rate of healing is unusually fast.
You are covered in fur. (AC +1)
You have tough skin. (AC +1)


Message History

The tentacled starspawn is unaffected.
The chaos spawn looks frightened!
You feel sick.
The black draconian gibbers meaninglessly.
The ancient zyme barely misses you. x2; You feel ill.
A large abomination comes into view.
You spin and attack the ancient zyme.
You claw the ancient zyme!
The ancient zyme begins to glow.
The ancient zyme is lightly damaged.
You feel sick.
The ancient zyme hits you but does no damage. x2
The ancient zyme hits you!
* * * LOW HITPOINT WARNING * * *
The ancient zyme hits you!
* * * LOW HITPOINT WARNING * * *
You feel ill.
Tentacles burst from the starspawn's body! 2 starspawn tentacles come into view.
Unknown command.
You feel better. The ancient zyme misses you.
The ancient zyme hits you but does no damage.
The starspawn tentacle grabs you. The starspawn tentacle constricts you.
* * * LOW HITPOINT WARNING * * *
You escape the starspawn tentacle's grasp.
The ancient zyme completely misses you. x2
The starspawn tentacle barely misses you.
The air is filled with shimmering golden clouds!
Sifu Hu Sanniang says: The storm will not cease as long as you keep fighting, disciple!
The ancient zyme hits you.
* * * LOW HITPOINT WARNING * * *
The ancient zyme hits you but does no damage.
You feel ill. The starspawn tentacle grabs you.
The starspawn tentacle constricts you.
You feel better.
The ancient zyme hits you but does no damage.
The ancient zyme hits you!
* * * LOW HITPOINT WARNING * * *
The ancient zyme hits you!
* * * LOW HITPOINT WARNING * * *
The ancient zyme hits you.
You die...

.......2 #.#. ..
.#..#X. .##
#..#t.. ... #X
#.X###. #.###
#.#..#..# #
....# ..... ...
... #...☼###..#
. ###wXxp#..# #.
#..│#w##### #..
#. .#V#§.# # .
#..######## #
####..#.#....#
#............##.
....# .. ##.# #
#.# #.#... #
#...#... .#


You could see a tentacled starspawn, an ancient zyme (fast, contam) and a
starspawn tentacle.

Vanquished Creatures
  A revenant (Abyss:3)
  A spriggan zombie (Abyss:3)
  3 boulder beetles (D:11)
  3 centaur warriors (D:11)
  3 two-headed ogres
  2 occultists
  The ghost of dertzug the Grappler, a novice TrSh of Qazlal (D:8)
  The ghost of Pascal76 the Chopper, a novice MiFi (D:6)
  A deep elf pyromancer (D:12)
  4 large abominations (Abyss:3)
  A necromancer (IceCv)
  An ugly thing (D:11)
  A manticore (D:12)
  2 orc knights (D:11)
  2 cyclopes (D:11)
  An ice statue (IceCv)
  2 smoke demons (Abyss:3)
  A centaur skeleton (Abyss:3)
  3 gargoyles
  Jeremiah (D:7)
  2 kobold demonologists (Bailey)
  An efreet (Abyss:3)
  5 freezing wraiths (IceCv)
  12 ice devils (IceCv)
  3 anaconda simulacra (IceCv)
  Psyche (D:8)
  6 trolls
  3 polar bears
  2 hornets
  4 raiju (Abyss:3)
  A dire elephant simulacrum (IceCv)
  3 centaur simulacra (D:12)
  2 wyverns
  3 flying skulls (Abyss:3)
  4 shadows
  17 yaks
  2 water elementals
  A harpy simulacrum (IceCv)
  2 death yak simulacra (IceCv)
  A warg (D:10)
  2 acid dragons (D:11)
  4 water moccasins (D:9)
  A hydra simulacrum (IceCv)
  10 orc warriors
  4 small abominations (Abyss:3)
  5 ice beasts
  2 black bears
  4 ogres
  2 centaurs
  4 phantoms
  4 kobold brigands
  7 bullfrogs
  4 gnoll sergeants
  2 cane toad simulacra (IceCv)
  9 scorpions
  A two-headed ogre simulacrum (IceCv)
  3 wights (D:8)
  5 killer bees (D:10)
  4 elephant simulacra (IceCv)
  4 electric eels
  A howler monkey (D:4)
  2 jellies
  7 orc priests
  A gnoll bouda (D:7)
  4 hounds
  2 sleepcaps
  3 iguanas
  16 orc wizards
  5 polar bear simulacra (IceCv)
  A troll simulacrum (IceCv)
  7 wolf simulacra (IceCv)
  A mummy (Ossuary)
  28 gnolls
  9 adders
  3 naga simulacra (IceCv)
  A river rat (D:3)
  15 white imps
  3 ufetubi
  2 worms
  7 dart slugs
  59 orcs
  5 spectral bats (Ossuary)
  14 ball pythons
  13 endoplasms
  7 giant cockroaches
  16 goblins
  11 hobgoblins
  9 jackals
  2 quokkas
  9 bats
  3 bat simulacra (Ossuary)
  6 frilled lizards
  12 gnoll zombies (Ossuary)
  4 goblin simulacra (Ossuary)
  4 goblin zombies (Ossuary)
  3 hobgoblin zombies (Ossuary)
  29 kobolds
  3 kobold simulacra (Ossuary)
  7 kobold zombies (Ossuary)
  4 orc zombies (Ossuary)
  7 rats
  2 rat simulacra (Ossuary)
  A spectral goblin (Ossuary)
  7 spectral kobolds (Ossuary)
  4 spectral rats (Ossuary)
550 creatures vanquished.

Vanquished Creatures (others)
  An ufetubus (IceCv)
1 creature vanquished.

Grand Total: 551 creatures vanquished

Notes
Turn   | Place    | Note
-------+----------+-------------------------------------------
     0 | D:1      | Avanven the Troll Shapeshifter began the quest for the Orb.
     0 | D:1      | Reached XP level 1. HP: 18/18 MP: 0/0
   114 | D:1      | Reached skill level 1 in Fighting
   122 | D:1      | Reached XP level 2. HP: 27/27 MP: 1/1
   319 | D:1      | Reached XP level 3. HP: 33/33 MP: 2/2
  1212 | D:3      | Reached skill level 4 in Unarmed Combat
  1295 | D:3      | Reached XP level 4. HP: 40/41 MP: 3/3
  1385 | D:3      | Found an ornate altar of the Wu Jian Council.
  1462 | D:3      | Became a worshipper of the Wu Jian Council
  1630 | D:3      | Noticed a phantom
  1646 | D:3      | Killed a phantom
  1647 | D:3      | Reached XP level 5. HP: 41/49 MP: 4/4
  1879 | D:3      | Reached skill level 5 in Unarmed Combat
  1884 | D:3      | Found a glowing drain.
  2097 | D:3      | Reached * piety under Wu Jian
  2199 | D:4      | Reached XP level 6. HP: 56/59 MP: 5/5
  2721 | D:4      | Found a staircase to the Ecumenical Temple.
  2766 | Temple   | Entered the Ecumenical Temple
  3016 | D:4      | Reached skill level 6 in Unarmed Combat
  3121 | D:5      | Entered Level 5 of the Dungeon
  3123 | D:5      | Reached ** piety under Wu Jian
  3124 | D:5      | Reached XP level 7. HP: 67/67 MP: 6/6
  3466 | D:5      | Reached skill level 5 in Shapeshifting
  3557 | D:5      | Reached skill level 7 in Unarmed Combat
  3676 | D:5      | Reached XP level 8. HP: 77/78 MP: 7/7
  3979 | D:6      | Found a sand-covered staircase.
  3994 | Ossuary  | Entered an ossuary
  4013 | Ossuary  | Reached *** piety under Wu Jian
  4033 | Ossuary  | Reached skill level 8 in Unarmed Combat
  4219 | Ossuary  | Reached **** piety under Wu Jian
  4505 | D:6      | Found a transporter.
  4508 | D:6      | Noticed Pascal76's ghost (novice MiFi)
  4508 | D:6      | Identified the +8 dire flail of Taumant {heavy, Will++
                  | Str+3 Int+3}
  4508 | D:6      | Identified the +3 giant club of Blind Justice {venom, Fly
                  | rN+}
  4508 | D:6      | Noticed a two-headed ogre
  4991 | D:6      | Found a transporter.
  5122 | D:6      | Reached XP level 9. HP: 87/87 MP: 8/8
  5215 | D:7      | Reached skill level 9 in Unarmed Combat
  5215 | D:7      | Found a flagged portal.
  5235 | Bailey   | Entered a bailey
  5370 | Bailey   | Reached ***** piety under Wu Jian
  5438 | Bailey   | Reached skill level 5 in Fighting
  5517 | Bailey   | Noticed a kobold demonologist
  5524 | Bailey   | Killed a kobold demonologist
  5800 | Bailey   | Acquired a ring of protection from cold
  5804 | Bailey   | Acquired a manual of Transmutations
  5887 | Bailey   | Found an iron altar of Okawaru.
  5887 | Bailey   | Noticed a kobold demonologist
  5909 | Bailey   | Killed a kobold demonologist
  5910 | Bailey   | Reached skill level 10 in Unarmed Combat
  6095 | D:7      | Found an opulent altar of Gozag.
  6306 | D:7      | Reached XP level 10. HP: 94/98 MP: 9/9
  6328 | D:7      | Noticed Jeremiah
  6342 | D:7      | Killed Jeremiah
  6943 | D:8      | Found a runed translucent door.
  6944 | D:8      | Noticed dertzug's ghost (novice TrSh)
  6971 | D:8      | Found a burning altar of Makhleb.
  7176 | D:8      | Noticed Psyche
  7180 | D:8      | Killed Psyche
  7217 | D:8      | Reached skill level 11 in Unarmed Combat
  7510 | D:8      | Killed dertzug's ghost
  7910 | D:9      | Reached XP level 11. HP: 107/107 MP: 10/10
  8069 | D:9      | Found a staircase to the Lair.
  8387 | D:10     | Entered Level 10 of the Dungeon
  8399 | D:10     | Found a staircase to the Orcish Mines.
  8431 | D:10     | Reached skill level 12 in Unarmed Combat
  8443 | D:10     | Reached skill level 5 in Dodging
  8527 | D:10     | Reached ****** piety under Wu Jian
  8760 | D:10     | Noticed a six-headed hydra
  8778 | D:10     | Found a hide-covered altar of Uskayaw.
  8778 | D:10     | Found a sparkling altar of Nemelex Xobeh.
  9271 | D:10     | Noticed a two-headed ogre
  9280 | D:10     | Killed a two-headed ogre
  9637 | D:11     | Noticed a centaur warrior
  9644 | D:11     | Killed a centaur warrior
  9645 | D:11     | Noticed a centaur warrior
  9649 | D:11     | Found a runed translucent door.
 10107 | D:11     | Identified the amulet "Yffaot" {Reflect Rampage rC- Will+
                  | SH+5}
 10107 | D:11     | Noticed an orc knight
 10120 | D:11     | Killed an orc knight
 10126 | D:11     | Reached skill level 13 in Unarmed Combat
 10236 | D:11     | Noticed an occultist
 10241 | D:11     | Killed a centaur warrior
 10248 | D:11     | Killed an occultist
 10422 | D:6      | Killed Pascal76's ghost
 10423 | D:6      | Reached XP level 12. HP: 119/119 MP: 11/11
 10435 | D:6      | Killed a two-headed ogre
 10797 | D:11     | Found a runed translucent door.
 10809 | D:11     | Noticed a boulder beetle
 10829 | D:11     | Noticed a boulder beetle
 10982 | D:11     | Identified the ring of Tepom {rN+ AC+4 Int+3 Dex+3 Slay+3}
 10982 | D:11     | Noticed a centaur warrior
 10993 | D:11     | Killed a centaur warrior
 11037 | D:11     | Killed a boulder beetle
 11051 | D:11     | Killed a boulder beetle
 11078 | D:11     | Identified the amulet "Howaof" {Acrobat rElec rC+ Slay+2}
 11101 | D:11     | Noticed a boulder beetle
 11107 | D:11     | Killed a boulder beetle
 11115 | D:11     | Identified the ring "Noter" {Contam Fly rN+ Int+5 Dex+3}
 11121 | D:11     | Identified the amulet "Lihueth" {Reflect Harm SH+5}
 11147 | D:11     | Reached skill level 14 in Unarmed Combat
 11223 | D:12     | Noticed a two-headed ogre
 11274 | D:12     | Killed a two-headed ogre
 11427 | D:12     | Found a transporter.
 11430 | D:12     | Found a transporter.
 11433 | D:12     | Noticed Zigma's ghost (journeyman KoSu)
 11568 | D:12     | Found a frozen archway.
 11671 | IceCv    | Entered an ice cave
 11912 | IceCv    | Reached skill level 10 in Shapeshifting
 12120 | IceCv    | Reached XP level 13. HP: 114/128 MP: 12/12
 12379 | IceCv    | Found an ancient bone altar of Kikubaaqudgha.
 12405 | IceCv    | Reached skill level 15 in Unarmed Combat
 12917 | Abyss:3  | Cast into level 3 of the Abyss (an occultist)
 12927 | Abyss:3  | Found a corrupted altar of Lugonu.
 12968 | Abyss:3  | Noticed a profane servitor
 12977 | Abyss:3  | Found a corrupted altar of Lugonu.
 13277 | Abyss:3  | Found a shimmering blue altar of Sif Muna.
 13277 | Abyss:3  | Found a shimmering blue altar of Sif Muna.
 13277 | Abyss:3  | Found a shimmering blue altar of Sif Muna.
 13313 | Abyss:3  | Noticed a revenant
 13323 | Abyss:3  | Killed a revenant
 13336 | Abyss:3  | Noticed a tentacled starspawn
 13339 | Abyss:3  | Noticed a black draconian
 13348 | Abyss:3  | HP: 6/131 [ancient zyme (5)]
 13349 | Abyss:3  | HP: 1/131 [ancient zyme (8)]
 13349 | Abyss:3  | Slain by an ancient zyme

Illustrated notes

Levels and vault maps discovered:
D:1:      lightli_iron_boxes, layout_basic
D:2:      layout_loops_ring, minmay_misc_feat_columns
D:3:      layout_loops_ring, nzn_wu_jian_council_hall,
          mainiacjoe_sewer_entry_somewhere_in_here_2, minmay_divided_ellipse
D:4:      layout_loops_corners, temple_hall, minmay_pentangle
D:5:      old_forge, layout_loops_ring
D:6:      layout_basic, gammafunk_ghost_smash, nicolae_ossuary_entry_ruins,
          hex_large
D:7:      layout_basic, marbit_many_paths, enter_bailey_5, uniq_jeremiah
D:8:      layout_loops_ring, lemuel_doored_altar, gammafunk_ghost_grave,
          uniq_psyche
D:9:      layout_basic, due_lair_maze_entry_diamond
D:10:     layout_long_grid, nicolae_overflow_two_pavilions, erik_orc_4,
          wad_dig_loot
D:11:     minmay_the_grid_triangle_9x9_recursive_3_mashed
          [minmay_the_grid_triangle_9x9_tough_junction,
          minmay_the_grid_triangle_9x9_odd_lines,
          minmay_the_grid_triangle_9x9_intruding_spiral,
          minmay_the_grid_triangle_9x9_prize_special,
          minmay_the_grid_triangle_9x9_zippers_horizontal,
          minmay_the_grid_triangle_9x9_stretched_checkered,
          minmay_the_grid_triangle_9x9_warning,
          minmay_the_grid_triangle_9x9_corrupted_corridor,
          minmay_the_grid_triangle_9x9_cache], layout_long_grid,
          serial_bayou_pond_d, serial_bayou_lagoon_b
D:12:     minmay_smoke_and_mirrors, layout_rooms, nzn_ghost_randoct, serial_ice,
          serial_ice_l, serial_ice_a, serial_ice_c, serial_ice_f, serial_ice_o,
          serial_ice_b, portal_ice_cave_entry_imps
Temple:   minmay_temple_bridge_d
Abyss:3:  base: D:1, spicy_abyss_planar_alliance, hangedman_abyss_shoalhut,
          guppyfry_abyss_exit_glass_guarded, evilmike_abyss_exit_plants,
          hangedman_abyss_feature_spike

Skill      XL: |  1  2  3  4  5  6  7  8  9 10 11 12 13 |
---------------+----------------------------------------+-----
Fighting       | 1 2 3 4 5 6 7 8 9 |  9.3
Unarmed Combat | 4 5 6 7 8 10 11 13 14 15 | 15.6
Shapeshifting  | 4 5 6 7 8 9 10 | 10.6
Dodging        | 3 4 6 7 8 |  8.0

Action                     |  1- 3 |  4- 6 |  7- 9 | 10-12 | 13-15 || total
---------------------------+-------+-------+-------+-------+-------++-------
  Melee: Unarmed           |    95 |   176 |   381 |   616 |   189 ||  1457
         Punch             |     3 |     5 |    13 |     6 |       ||    27
 Invoke: Heavenly Storm    |       |       |       |       |     1 ||     1
Ability: Lunge             |       |    11 |    31 |    40 |     7 ||    89
         Wall Jump         |       |       |     2 |     2 |     1 ||     5
         Whirlwind         |       |       |     8 |    18 |     9 ||    35
  Evoke: Wand              |       |       |       |     5 |       ||     5
    Use: Scroll            |       |     9 |    11 |    13 |     6 ||    39
         Potion            |       |       |       |     3 |     4 ||     7
   Stab: Sleeping          |       |       |     2 |       |       ||     2
         Distracted        |       |       |     1 |     1 |       ||     2
 Armour: Animal skin       |    53 |    65 |   170 |   124 |       ||   412
         Acid dragon scale |       |       |       |   223 |   145 ||   368
  Dodge: Dodged            |    45 |    73 |   209 |   315 |   113 ||   755
   Form: Flux              |       |       |       |     2 |       ||     2
         Anaconda          |       |       |       |     1 |       ||     1

Table legend: (Time is in decaauts)
 A = Elapsed time spent in this place.
 B = Non-inter-level travel time spent in this place.
 C = Inter-level travel time spent in this place.
 D = Time resting spent in this place.
 E = Time spent auto-exploring this place.
 F = Levels seen in this place.
 G = Mean time per level.
                   A        B        C        D        E       F      G
               +--------+--------+--------+--------+--------+-----+--------+
         Total |  13107 |  12559 |    548 |   1598 |   6815 |  17 |  771.0 |
       Dungeon |  10462 |   9914 |    548 |    649 |   6560 |  12 |  871.8 |
        Temple |      6 |      6 |      0 |      0 |      0 |   1 |    6.0 |
         Abyss |    409 |    409 |      0 |    110 |      8 |   1 |  409.0 |
       Ossuary |    455 |    455 |      0 |    132 |    184 |   1 |  455.0 |
        Bailey |    789 |    789 |      0 |    272 |      5 |   1 |  789.0 |
      Ice Cave |    983 |    983 |      0 |    435 |     58 |   1 |  983.0 |
               +--------+--------+--------+--------+--------+-----+--------+

Top non-repeatable levels by time:
    D:11: 1594 daAuts
    D:10: 997 daAuts
   IceCv: 983 daAuts
     D:4: 960 daAuts
     D:3: 938 daAuts
     D:7: 902 daAuts
     D:9: 857 daAuts
     D:5: 847 daAuts
     D:6: 806 daAuts
  Bailey: 789 daAuts
     D:8: 749 daAuts
     D:2: 677 daAuts
    D:12: 616 daAuts
     D:1: 515 daAuts
 Ossuary: 455 daAuts
